 Dungeon Crawl Stone Soup version 0.28-a0-1038-g9c4cb8273d (webtiles) character file.

Game seed: 7884922883197435710

175032 Lavandula the Summoner (level 18, 0/160 HPs)
             Began as a Naga Arcane Marksman on Dec 8, 2021.
             Was a High Priest of Ashenzari.
             Slain by a reaper (27 damage)
             ... on level 2 of the Depths on Dec 9, 2021.
             The game lasted 02:01:13 (40960 turns).

Lavandula the Summoner (Naga Arcane Marksman)      Turns: 40960, Time: 02:01:13

Health: 0/160      AC: 26    Str: 18    XL:     18   Next: 8%
Magic:  38/38      EV: 11    Int: 16    God:    Ashenzari [*****.]
Gold:   536        SH: 19    Dex: 12    Spells: 1/49 levels left

rFire   + . .      SeeInvis +   A - +2 rapier of Toth-Mos's Legacy {elec, Elem, Melee} (curse)
rCold   + . .      Faith    .   R - +3 kite shield "Stickiness of Ashenzari" {Self, Melee} (curse)
rNeg    . . .      Spirit   .   J - +2 robe {rC+ rF+}
rPois   +          Reflect  +   u - +2 helmet "Shattered Together" {Cun, Fort} (curse)
rElec   .          Harm     .   I - +2 cloak "Tethered Together" {Comp, Cun} (curse)
rCorr   .          Rampage  .   t - +1 pair of gloves of Supernal Wisdom {Stlth+, Range, Cun} (curse)
Will    +++..      Clarity  +   e - +0 barding of Ashenzari's Discomfort {Fly, Alch, Range} (curse)
Stlth   ++++++....              n - amulet of Supernal Understanding {Reflect SH+5, Comp, Bglg} (curse)
HPRegen 0.36/turn               K - ring "Regret of Ashenzari" {Will+, Self, Fort} (curse)
MPRegen 0.26/turn               f - ring of wizardry

@: flying, hasted, quick
A: AC +6, large, see invisible, deformed body, poison resistance, slowness 2,
spit poison 1, naga tail 2, wild magic 1
a: Spit Poison, Renounce Religion, Curse Item, Shatter the Chains


You were on level 2 of the Depths.
You worshipped Ashenzari.
Ashenzari was extremely pleased with you.
You visited 6 branches of the dungeon, and saw 28 of its levels.
You also visited: Ossuary and Volcano.

You collected 2697 gold pieces.
You spent 2161 gold pieces at shops.

Inventory:

Hand Weapons
 A - the cursed +2 rapier of Toth-Mos's Legacy (weapon) {elec, Elem, Melee}
   (You found it on level 6 of the Dungeon)

   It occasionally discharges a powerful burst of electricity upon striking a
   foe.
   It has a curse which improves the following skills: Elements: Fire Magic, Ice
   Magic, Air Magic and Earth Magic.
   Melee Combat: Short Blades, Long Blades, Axes, Maces & Flails, Polearms,
   Staves and Unarmed Combat.
 C - a +0 quick blade of electrocution
 E - a +0 hand crossbow of freezing
Missiles
 c - 230 bolts
 j - a throwing net (quivered)
Armour
 e - the cursed +0 barding of Ashenzari's Discomfort (worn) {Fly, Alch, Range}
   (You acquired it on level 5 of the Dungeon)

   It has a curse which improves the following skills: Alchemy: Poison Magic and
   Transmutations.
   Ranged Combat: Slings, Bows, Crossbows and Throwing.
 g - a +0 barding of cold resistance
 t - the cursed +1 pair of gloves of Supernal Wisdom (worn) {Stlth+, Range, Cun}
   (You found it on level 4 of the Dungeon)

   It has a curse which improves the following skills: Ranged Combat: Slings,
   Bows, Crossbows and Throwing.
   Cunning:   Dodging and Stealth.
 u - the cursed +2 helmet "Shattered Together" (worn) {Cun, Fort}
   (You found it on level 5 of the Dungeon)

   It has a curse which improves the following skills: Cunning: Dodging and
   Stealth.
   Fortitude: Armour and Shields.
 H - a +0 troll leather armour
 I - the cursed +2 cloak "Tethered Together" (worn) {Comp, Cun}
   (You found it on level 3 of the Lair of Beasts)

   It has a curse which improves the following skills: Companions: Summonings
   and Necromancy.
   Cunning:   Dodging and Stealth.
 J - a +2 robe of resistance (worn)
 R - the cursed +3 kite shield "Stickiness of Ashenzari" (worn) {Self, Melee}
   (You took it off a tengu warrior on level 14 of the Dungeon)

   It has a curse which improves the following skills: Introspection: Fighting
   and Spellcasting.
   Melee Combat: Short Blades, Long Blades, Axes, Maces & Flails, Polearms,
   Staves and Unarmed Combat.
 U - the +3 barding of Momnul {+Blink Str+4}
   (You acquired it on level 5 of the Lair of Beasts)

   Str:       It affects your strength (+4).
   +Blink:    It lets you blink.
Jewellery
 f - a ring of wizardry (right hand)
 n - the cursed amulet of Supernal Understanding (around neck) {Reflect SH+5, Comp, Bglg}
   (You found it on level 6 of the Lair of Beasts)

   [amulet of reflection]

   It reflects blocked missile attacks.
   SH:        It affects your SH (+5).
   It has a curse which improves the following skills: Companions: Summonings
   and Necromancy.
   Beguiling: Conjurations, Hexes and Translocations.
 K - the cursed ring "Regret of Ashenzari" (left hand) {Will+, Self, Fort}
   (You found it on level 11 of the Dungeon)

   [ring of willpower]

   Will:      It increases your willpower.
   It has a curse which improves the following skills: Introspection: Fighting
   and Spellcasting.
   Fortitude: Armour and Shields.
 L - a ring of resist corrosion
 Q - a +4 ring of evasion
Wands
 r - a wand of flame (33)
 z - a wand of acid (6)
 G - a wand of digging (1)
 N - a wand of charming (5)
 V - a wand of iceblast (6)
 X - a wand of paralysis (6)
 Z - a wand of polymorph (6)
Scrolls
 a - 5 scrolls of immolation
 i - 7 scrolls of magic mapping
 l - 13 scrolls of teleportation
 m - 9 scrolls of amnesia
 q - 3 scrolls of blinking
 s - 6 scrolls of vulnerability
 v - 6 scrolls of holy word
 w - 4 scrolls of fear
 D - 3 scrolls of enchant weapon
 P - 5 scrolls of fog
 S - a scroll of summoning
 T - a scroll of silence
Potions
 b - 2 potions of cancellation
 d - 6 potions of attraction
 h - 10 potions of curing
 k - 3 potions of flight
 o - 4 potions of resistance
 p - 6 potions of haste
 B - a potion of magic
 F - 2 potions of lignification
 M - 8 potions of brilliance
 Y - a potion of might
Miscellaneous
 x - a tin of tremorstones (inert)
 O - a condenser vane (inert)


   Skills:
 - Level 5.6(9.6) Fighting
 - Level 11.0(15.2) Short Blades
 - Level 12.5(16.6) Crossbows
 - Level 4.3(8.1) Throwing
 - Level 9.5(13.7) Armour
 - Level 4.4(9.4) Dodging
 - Level 6.7(12.1) Stealth
 - Level 5.5(9.5) Shields
 - Level 12.0(16.2) Spellcasting
 + Level 1.1(2.7) Conjurations
 - Level 3.4(5.8) Hexes
 - Level 13.9(18.0) Summonings
 - Level 3.4(5.8) Translocations
 - Level 8.2(11.0) Transmutations
 - Level 3.0(5.3) Fire Magic
 - Level 7.2(10.0) Earth Magic
 - Level 2.4 Evocations


You had one spell level left.
You knew the following spells:

 Your Spells              Type           Power      Damage    Failure   Level
a - Summon Lightning Spi  Summ/Air       53%        N/A       1%          4
b - Inner Flame           Hex/Fire       39%        N/A       1%          3
c - Cause Fear            Hex            20%        N/A       2%          4
d - Iron Shot             Conj/Erth      21%        9d5       26%         6
e - Animate Armour        Summ/Erth      100%       N/A       1%          4
f - Summon Mana Viper     Hex/Summ       61%        N/A       1%          5
g - Monstrous Menagerie   Summ           37%        N/A       1%          7
h - Statue Form           Tmut/Erth      38%        N/A       6%          6
i - Blink                 Tloc           82%        N/A       1%          2
j - Spellforged Servitor  Conj/Summ      28%        N/A       28%         7

Your spell library contained the following spells:

 Spells                   Type           Power      Damage    Failure   Level
 Slow                     Hex            100%       N/A       1%          1
 Pain                     Necr           76%        1d7       2%          1
 Call Canine Familiar     Summ           75%        N/A       1%          3
 Dazzling Flash           Conj/Hex       68%        N/A       1%          3
 Portal Projectile        Hex/Tloc       82%        N/A       1%          3
 Stone Arrow              Conj/Erth      86%        3d12      1%          3
 Leda's Liquefaction      Hex/Erth       24%        N/A       1%          4
 Petrify                  Tmut/Erth      57%        N/A       1%          4
 Summon Ice Beast         Ice/Summ       53%        N/A       1%          4
 Blade Hands              Tmut           29%        N/A       1%          5
 Lee's Rapid Deconstruct  Erth           28%        3d16*     1%          5
 Summon Forest            Summ/Tloc      30%        N/A       1%          5
 Summon Cactus Giant      Summ           37%        N/A       1%          6
 Static Discharge         Conj/Air       23%        N/A       2%          2
 Ice Form                 Ice/Tmut       40%        N/A       3%          4
 Corpse Rot               Necr/Air       36%        N/A       4%          2
 Poisonous Vapours        Pois/Air       36%        N/A       4%          2
 Iskenderun's Mystic Bla  Conj/Tloc      34%        2d8       5%          4
 Sticky Flame             Conj/Fire      33%        2d5       5%          4
 Hailstorm                Conj/Ice       23%        3d7       14%         4
 Fireball                 Conj/Fire      16%        3d8       14%         5
 Airstrike                Air            9%         N/A       21%         4
 Dispel Undead            Necr           19%        3d11      21%         4
 Metabolic Englaciation   Hex/Ice        14%        N/A       21%         5
 Iskenderun's Battlesphe  Conj           28%        2d8       22%         5
 Lightning Bolt           Conj/Air       11%        1d24      32%         5
 Agony                    Necr           19%        N/A       45%         5
 Excruciating Wounds      Necr           9%         N/A       45%         5
 Starburst                Conj/Fire      16%        6d6       52%         6
 Conjure Ball Lightning   Conj/Air       11%        3x3d6     85%         6
 Death Channel            Necr           9%         N/A       93%         6
 Simulacrum               Ice/Necr       9%         N/A       94%         6
 Orb of Destruction       Conj           14%        9d7       99%         7
 Ozocubu's Refrigeration  Ice            9%         4d6       100%        7
 Lehudib's Crystal Spear  Conj/Erth      21%        10d6      100%        8


Dungeon Overview and Level Annotations

Branches:
Dungeon (15/15)            Temple (1/1) D:4            Lair (6/6) D:8
  Swamp (0/4) Lair:3       Spider (0/4) Lair:4          Orc (2/2) D:11
    Elf (2/3) Orc:2        Vaults (0/5) D:13         Depths (2/4) D:15
Ossuary (visited)         Volcano (visited)
  Slime: Lair:5-6

Altars:
Ashenzari
Cheibriados
Dithmenos
Elyvilon
Fedhas
Gozag
Kikubaaqudgha
Makhleb
Nemelex Xobeh
Okawaru
Qazlal
Ru
Trog
Uskayaw
Vehumet
Wu Jian
Xom
Yredelemnul
Zin
The Shining One
Beogh

Shops:
D:8 (   D:10 ?   Orc:2 *:(*

Portals:
Hell: Depths:1
Abyss: Depths:1
Pandemonium: Depths:1 Depths:2
Ziggurat: Depths:2
Trove: D:10 (give 20 potions of curing)

Annotations:
D:7 1 runed translucent door, Joseph; hyperldf's ghost, novice TeCj
D:9 1 runed translucent door, paps's ghost, novice DsFi
D:14 6 transporters
Lair:5 exclusion: oklob plant
Elf:1 1 exclusion
Depths:1 exclusions: 4 sensed monsters (detected) and spriggan defender


Innate Abilities, Weirdness & Mutations

Your serpentine skin is tough. (AC +6)
You have supernaturally acute eyesight. (SInv)
Armour fits poorly on your strangely shaped body.
Your system is resistant to poisons. (rPois)
You cover ground very slowly.
You can spit poison.
You can use your snake-like lower body to constrict enemies.
Your spells are a little harder to cast, but a little more powerful.


Message History

The reaper hits your lindwurm with a +1 scythe of flaming!!
The reaper burns your lindwurm!
Your lindwurm dies!
Your lindwurm's corpse disappears in a puff of smoke!
A deep troll shaman comes into view.
The spriggan air mage casts a spell at you.
The bolt of lightning hits you! You resist.
* * * LOW HITPOINT WARNING * * *
The reaper hits you but does no damage.
Unknown command.
You are too confused!
You completely miss the spriggan air mage.
The spriggan air mage waves its arms in wide circles.
The air twists around and strikes you!!
* * * LOW HITPOINT WARNING * * *
The reaper hits you from afar with a +1 scythe of flaming!
* * * LOW HITPOINT WARNING * * *
The reaper burns you.
* * * LOW HITPOINT WARNING * * *
You feel better.
You feel less invigorated.
The spriggan air mage gestures at you while chanting.
The bolt of lightning hits you! You resist.
* * * LOW HITPOINT WARNING * * *
The reaper closely misses you.
Unknown command.
Blink to where?
Press: ? - help, Dir - move target
As you read the scroll of blinking, it crumbles to dust.
Okay, then.
Okay, then.
You revert to your normal fleshy form.
The cursed +1 pair of gloves of Supernal Wisdom {Stlth+, Range, Cun} unmelds from your body.
The cursed +0 barding of Ashenzari's Discomfort {Fly, Alch, Range} unmelds from your body.
Your +2 robe of resistance unmelds from your body.
You feel stealthy.
You fly up into the air.
You feel resistant to extremes of temperature.
You block the spriggan air mage's attack.
You feel yourself speed up.
The reaper hits you from afar with a +1 scythe of flaming!!
You die...

### ##..........#..###....#..#.#
######.....####.##..#......#..###
....#....###..#.....#...<..#.####
..######.#....#.....##.....#.####
..#...........#......#....##.####
.........######......##..##......
..##..........####....##.#.......
...#.....#...##.........>#.......
...#....######..@######..###.....
...######...#...i....#.....####..
....#...#.......2†...#...........
.[..#(..###.#.....##.##.....###.#
....#.....#.####..#...##[####....
...............................##
.#...........#....T...........##.
#...........###............##.#..
........(..##.##...........#.....


You could see a reaper, a spriggan air mage (repels missiles) and a deep troll
shaman (wandering).

Vanquished Creatures
  Jorgrun (D:15)
  A lich (Depths:1)
  A fire giant (Depths:2)
  A frost giant (Depths:2)
  2 deep elf elementalists
  5 stone giants
  A spriggan defender (Depths:2)
  A deep elf demonologist (Elf:2)
  6 very ugly things (Depths:1)
  2 fire dragons (Depths:1)
  A yaktaur captain (D:11)
  Josephine (D:11)
  A great orb of eyes (Depths:2)
  An ogre mage (D:11)
  4 vault guards (D:13)
  2 ice dragons (Depths:2)
  4 boulder beetles
  9 hydras
  A spriggan air mage (Depths:2)
  5 centaur warriors
  2 death knights
  A catoblepas (D:13)
  21 dancing weapons
  3 two-headed ogres
  Erica (D:11)
  4 tengu warriors
  2 death yaks (Lair:6)
  2 deep troll earth magi (Depths:1)
  3 spriggan berserkers
  4 orc high priests
  The ghost of ndbw the Covert, a journeyman SpEn of Dithmenos (D:11)
  9 deep elf knights
  A spriggan (Depths:1)
  A titan skeleton (Depths:1)
  2 iron trolls (Depths:1)
  3 skeletal warriors
  A deep troll (Depths:1)
  8 deep elf archers
  A phantasmal warrior (D:15)
  A flayed ghost (Depths:1)
  A lindwurm (Lair:6)
  15 deep elf zephyrmancers
  A wizard (D:15)
  6 orc knights
  13 deep elf pyromancers
  4 orc sorcerers
  13 ugly things
  4 manticores
  4 elephants
  5 cyclopes
  A rust devil (Depths:1)
  2 black mambas
  A titan simulacrum (Depths:1)
  A molten gargoyle (Volcano)
  A torpor snail (Lair:6)
  An orange demon (Depths:1)
  Maggie (D:6)
  15 cane toads
  4 gargoyles
  A smoke demon (Depths:1)
  3 unseen horrors (D:12)
  A kobold demonologist (Orc:1)
  A spark wasp simulacrum (Depths:1)
  2 efreet (D:15)
  2 ice devils (Depths:1)
  A freezing wraith (D:15)
  5 komodo dragons
  4 tengu conjurers
  A hellwing (Depths:1)
  4 rime drakes
  A red devil (Depths:1)
  A polar bear (shapeshifter) (D:14)
  5 trolls
  2 meliai
  10 polar bears
  2 hornets
  4 raiju (Lair:6)
  13 slime creatures
  Sigmund (D:3)
  A shadow (D:11)
  6 wraiths
  2 air elementals (Elf:2)
  A spriggan (shapeshifter) (D:14)
  4 vampires
  4 wyverns
  2 water elementals
  19 yaks
  6 fire elementals
  A chaos spawn (Depths:1)
  Grum (D:9)
  2 humans (D:9)
  A steam dragon (D:10)
  4 vampire mosquitoes (D:12)
  4 basilisks
  10 wargs
  11 water moccasins
  11 hell hounds (Lair:6)
  4 nameless horrors
  29 orc warriors
  12 black bears
  A sky beast (D:6)
  13 ogres
  22 wolves
  3 boggarts (D:14)
  3 centaurs
  4 phantoms
  12 kobold brigands (Orc:1)
  4 scorpions
  7 bullfrogs
  8 elf zombies (Ossuary)
  2 gnoll sergeants
  2 earth elementals
  A wyvern skeleton (D:6)
  12 killer bees
  6 wights (D:8)
  An electric eel (Lair:3)
  A howler monkey (D:5)
  6 centaur zombies
  3 hounds
  2 human zombies (Ossuary)
  27 orc priests
  A centaur skeleton (D:7)
  A gnoll shaman (D:9)
  A bullfrog skeleton (D:6)
  Terence (D:3)
  Jessica (D:1)
  7 hell rats
  A scorpion zombie (D:5)
  3 iguanas
  29 orc wizards
  3 mummies (Ossuary)
  2 howler monkey zombies
  Robin (D:3)
  9 adders
  9 gnolls
  A white imp (D:6)
  2 ufetubi (D:5)
  2 adder skeletons
  3 worms
  2 dart slugs
  76 orcs
  3 endoplasms
  2 giant cockroaches
  17 goblins
  8 hobgoblins
  A quokka (D:4)
  4 ball pythons
  7 bats
  5 frilled lizards
  A hobgoblin zombie (D:5)
  11 kobolds
  4 rats
771 creatures vanquished.

Vanquished Creatures (collateral kills)
  The ghost of Helaemn the Devastator, an adept TeAE of Vehumet (Depths:1)
  4 very ugly things
  2 stone giants
  2 ettins (Depths:1)
  A quicksilver dragon skeleton (Depths:1)
  2 hydras
  3 dancing weapons (Elf:2)
  2 death yaks (Lair:6)
  A two-headed ogre (D:12)
  An orc high priest (Orc:2)
  A spriggan (Depths:1)
  2 skeletal warriors (D:11)
  A spark wasp zombie (Depths:1)
  A flayed ghost (Depths:1)
  An orc knight (Orc:2)
  A necromancer (Depths:1)
  3 ugly things (Depths:1)
  2 orc sorcerers
  A gargoyle (Volcano)
  3 elephants
  A torpor snail (Lair:4)
  4 cane toads
  2 komodo dragons (Lair:2)
  A troll (Orc:2)
  A meliai (D:15)
  A hornet (Depths:1)
  A raiju (shapeshifter) (D:15)
  A blink frog (Lair:5)
  5 slime creatures
  2 basilisks
  A neqoxec (Depths:1)
  12 yaks
  2 wargs
  A nameless horror (Orc:1)
  A black bear (Lair:6)
  4 orc warriors
  2 ogres
  4 wolves (Lair:6)
  A kobold brigand (Orc:1)
  2 bullfrogs (Lair:1)
  3 killer bees (Lair:5)
  6 orc priests
  3 orc wizards
  5 hell rats
  2 gnolls (Orc:2)
  16 orcs
119 creatures vanquished.

Vanquished Creatures (others)
  A deep elf knight (Elf:2)
  2 deep elf pyromancers (Elf:1)
  An ogre (Elf:1)
  An orc (Elf:1)
  42 fungi
  104 plants
151 creatures vanquished.

Grand Total: 1041 creatures vanquished

Notes
Turn   | Place    | Note
-------+----------+-------------------------------------------
     0 | D:1      | Lavandula the Naga Arcane Marksman began the quest for the
                  | Orb.
     0 | D:1      | Reached XP level 1. HP: 18/18 MP: 2/2
   279 | D:1      | Reached XP level 2. HP: 5/25 MP: 3/3
  1283 | D:2      | Noticed Jessica
  1290 | D:1      | Killed Jessica
  1291 | D:1      | Reached XP level 3. HP: 15/31 MP: 4/4
  1617 | D:2      | Reached XP level 4. HP: 38/38 MP: 5/5
  1753 | D:2      | Learned a level 3 spell: Inner Flame
  2462 | D:3      | Noticed Robin
  2472 | D:3      | Reached XP level 5. HP: 31/44 MP: 6/6
  2492 | D:3      | Killed Robin
  2903 | D:3      | Noticed Sigmund
  2913 | D:3      | Killed Sigmund
  2914 | D:3      | Reached XP level 6. HP: 37/57 MP: 7/7
  3083 | D:3      | Noticed Terence
  3090 | D:3      | Killed Terence
  3091 | D:3      | Reached skill level 5 in Crossbows
  3715 | D:4      | Reached XP level 7. HP: 63/63 MP: 8/8
  3977 | D:4      | Found a staircase to the Ecumenical Temple.
  4000 | Temple   | Entered the Ecumenical Temple
  4052 | Temple   | Became a worshipper of Ashenzari the Shackled
  4271 | D:5      | Entered Level 5 of the Dungeon
  4470 | D:5      | Found a sand-covered staircase.
  4480 | Ossuary  | Entered an ossuary
  4547 | Ossuary  | Reached skill level 1 in Short Blades
  4574 | Ossuary  | Reached XP level 8. HP: 53/72 MP: 9/9
  5496 | D:5      | Identified 2 scrolls of acquirement
  5498 | D:5      | Acquired a +0 barding of flying
  5505 | D:5      | Acquired a +0 barding of cold resistance
  5563 | D:5      | Reached * piety under Ashenzari
  5569 | D:5      | Learned a level 4 spell: Cause Fear
  5738 | D:5      | Reached skill level 1 in Armour
  5738 | D:5      | Reached XP level 9. HP: 78/78 MP: 10/10
  5786 | D:5      | Found an ancient bone altar of Kikubaaqudgha.
  5786 | D:5      | Found a blossoming altar of Fedhas.
  6180 | D:6      | Noticed Maggie
  6191 | D:6      | Killed Maggie
  6634 | D:6      | Reached skill level 5 in Armour
  6790 | D:6      | Reached ** piety under Ashenzari
  6902 | D:6      | Reached skill level 1 in Shields
  6939 | D:6      | Found a sparkling altar of Nemelex Xobeh.
  7164 | D:7      | Noticed Joseph
  7255 | D:7      | Reached skill level 5 in Short Blades
  7909 | D:7      | Found a runed translucent door.
  7913 | D:7      | Noticed hyperldf's ghost (novice TeCj)
  8488 | D:8      | Found Yzym's Hydra Hut.
  8499 | D:8      | Noticed an eight-headed hydra
  8573 | D:8      | Reached XP level 10. HP: 42/85 MP: 12/12
  8604 | D:8      | Bought a +0 hand crossbow of freezing for 99 gold pieces
  8868 | D:8      | Found a staircase to the Lair.
  9911 | D:8      | Reached skill level 5 in Fighting
  9992 | D:8      | Learned a level 2 spell: Poisonous Vapours
 10207 | D:9      | Found an iron altar of Okawaru.
 10247 | D:9      | Reached skill level 1 in Evocations
 10474 | D:9      | Found a burning altar of Makhleb.
 10480 | D:9      | Found a glowing silver altar of Zin.
 10489 | D:9      | Found an opulent altar of Gozag.
 10786 | D:9      | Reached skill level 1 in Fire Magic
 10978 | D:9      | Noticed Grum
 11170 | D:9      | Killed Grum
 11601 | D:9      | Learned a level 4 spell: Animate Armour
 11742 | D:9      | Found a runed translucent door.
 11746 | D:9      | Identified the +7 trident "Anyenk" {holy, Dex+3}
 11759 | D:9      | Noticed paps's ghost (novice DsFi)
 11932 | D:10     | Entered Level 10 of the Dungeon
 11953 | D:9      | Reached skill level 1 in Summonings
 11971 | D:10     | Noticed a gargoyle
 12007 | D:9      | Reached skill level 2 in Summonings
 12206 | D:10     | Reached skill level 3 in Summonings
 12206 | D:10     | Reached XP level 11. HP: 96/96 MP: 11/15
 12218 | D:10     | Reached skill level 4 in Summonings
 12335 | D:10     | Reached skill level 5 in Summonings
 12348 | D:10     | Found a portal to a secret trove of treasure.
 12410 | D:10     | Reached skill level 1 in Earth Magic
 12870 | D:10     | Found Jeonoar's Magic Scroll Shoppe.
 12878 | D:10     | Bought a scroll of noise for 15 gold pieces
 12878 | D:10     | Bought a scroll of blinking for 112 gold pieces
 12878 | D:10     | Bought a scroll of immolation for 52 gold pieces
 12895 | D:11     | Found a staircase to the Orcish Mines.
 13018 | D:11     | Noticed a boulder beetle
 13056 | D:11     | Killed a boulder beetle
 13393 | D:11     | Reached *** piety under Ashenzari
 13465 | D:11     | Noticed a yaktaur captain
 13465 | D:11     | Noticed an ogre mage
 13468 | D:11     | Noticed ndbw's ghost (journeyman SpEn)
 13494 | D:11     | Noticed a skeletal warrior
 13561 | Lair:1   | Entered Level 1 of the Lair of Beasts
 13571 | Lair:1   | Noticed a five-headed hydra
 13582 | Lair:1   | Killed a five-headed hydra
 13583 | Lair:1   | Reached skill level 5 in Earth Magic
 14034 | Lair:1   | Reached **** piety under Ashenzari
 14648 | Lair:2   | Identified the +1 ring mail of the Secret Dreams {rPois
                  | Str+4 Int-2}
 14770 | Lair:2   | Reached skill level 5 in Spellcasting
 14982 | Lair:2   | Reached XP level 12. HP: 83/110 MP: 23/23
 15893 | Lair:3   | Found a staircase to the Swamp.
 15911 | Lair:3   | Found a snail-covered altar of Cheibriados.
 15934 | Lair:3   | Found a dark tunnel.
 15951 | Lair:3   | Reached skill level 1 in Throwing
 16136 | Volcano  | Entered a volcano
 17178 | Lair:3   | Noticed a six-headed hydra
 17184 | Lair:3   | Killed a six-headed hydra
 17406 | Lair:3   | Reached skill level 1 in Stealth
 17409 | Lair:3   | Noticed a four-headed hydra
 17559 | Lair:4   | Noticed a six-headed hydra
 17581 | Lair:4   | Killed a six-headed hydra
 17848 | Lair:4   | Found a hole to the Spider Nest.
 18627 | Lair:5   | Acquired the +3 barding of Momnul {+Blink Str+4}
 18838 | Lair:5   | Reached skill level 10 in Crossbows
 18838 | Lair:5   | Gained mutation: You can use your snake-like lower body to
                  | constrict enemies. [Naga growth]
 18838 | Lair:5   | Reached XP level 13. HP: 93/117 MP: 20/24
 18879 | Lair:5   | Found a white marble altar of Elyvilon.
 19159 | Lair:6   | Entered Level 6 of the Lair of Beasts
 20045 | Lair:6   | Reached skill level 10 in Short Blades
 21326 | Lair:6   | Reached XP level 14. HP: 69/124 MP: 20/25
 22291 | Lair:6   | Learned a level 5 spell: Summon Mana Viper
 22299 | Lair:6   | Learned a level 7 spell: Monstrous Menagerie
 22538 | Orc:1    | Entered Level 1 of the Orcish Mines
 22794 | Orc:1    | Reached skill level 6 in Summonings
 23121 | Orc:1    | Reached skill level 7 in Summonings
 23889 | Orc:2    | Entered Level 2 of the Orcish Mines
 24210 | Orc:2    | Found Biokyox's General Store.
 24244 | Orc:2    | Reached skill level 8 in Summonings
 24472 | Orc:2    | Reached skill level 9 in Summonings
 24676 | Orc:2    | Found a staircase to the Elven Halls.
 24938 | Orc:2    | Found Gijisiko's Antique Weapon Boutique.
 24981 | Orc:2    | Reached skill level 10 in Summonings
 25088 | Orc:2    | Found Toloink's Assorted Antiques.
 25112 | Orc:2    | Found Vomewa Cupau's Book Emporium.
 25157 | Orc:2    | Bought an ivory long sword for 212 gold pieces
 25157 | Orc:2    | Identified the +4 long sword "Wive" {vorpal, rElec rC+
                  | Dex+6} (You bought it in a shop on level 2 of the Orcish
                  | Mines)
 25167 | Orc:2    | Bought a book of Sloth for 504 gold pieces
 25175 | Orc:2    | Bought a golden ring for 145 gold pieces
 25180 | Orc:2    | Bought a pair of runed gloves for 217 gold pieces
 25180 | Orc:2    | Bought a scroll of blinking for 217 gold pieces
 25564 | D:12     | Found the +3 robe of Clouds {*Thunder rCloud rElec}
 25567 | D:12     | Reached XP level 15. HP: 132/132 MP: 28/28
 25576 | D:12     | Identified the +5 scale mail of the Vacuum {rElec Str+2
                  | Dex-3}
 25746 | D:12     | Learned a level 6 spell: Statue Form
 25887 | D:12     | Reached skill level 1 in Transmutations
 26045 | D:12     | Identified the cursed +1 pair of gloves of Supernal Wisdom
                  | {Stlth+, Range, Cun} (You found it on level 4 of the
                  | Dungeon)
 26259 | D:13     | Found a gate to the Vaults.
 26276 | D:13     | Reached skill level 5 in Transmutations
 27146 | D:14     | Found a transporter.
 27147 | D:14     | Found a transporter.
 27157 | D:14     | Found a transporter.
 27161 | D:14     | Found a transporter.
 27192 | D:14     | Found a transporter.
 27341 | D:14     | Found a glowing golden altar of the Shining One.
 27887 | D:14     | Found a transporter.
 27974 | D:15     | Entered Level 15 of the Dungeon
 28659 | D:15     | Noticed Jorgrun
 28916 | D:15     | Reached skill level 5 in Shields
 29120 | D:15     | Killed Jorgrun
 29332 | D:15     | Identified the +9 great sword "Ditz" {flame, rCorr Dex+4}
 29794 | D:15     | Found a staircase to the Depths.
 29955 | D:15     | Reached XP level 16. HP: 80/139 MP: 2/30
 30377 | Depths:1 | Entered Level 1 of the Depths
 30428 | Depths:1 | Found a runed translucent door.
 30942 | Depths:1 | Gained mutation: Your spells are a little harder to cast,
                  | but a little more powerful. [potion of mutation]
 32439 | Depths:1 | Noticed a lich
 32447 | Depths:1 | Killed a lich
 32563 | Depths:1 | Reached skill level 11 in Summonings
 32751 | Depths:1 | Found a one-way gate leading to the halls of Pandemonium.
 32763 | Depths:1 | HP: 5/139 [reaper (8)]
 33063 | Depths:1 | Found a gateway to Hell.
 33104 | Depths:1 | Noticed Helaemn's ghost (adept TeAE)
 33510 | Depths:1 | Found an ornate altar of the Wu Jian Council.
 33839 | Depths:1 | Found a one-way gate to the infinite horrors of the Abyss.
 34209 | Orc:2    | Bought Syixozif's Tome of Frigorific Dislocation for 588
                  | gold pieces
 34212 | Orc:2    | Learned a level 2 spell: Blink
 34414 | Depths:1 | Killed Helaemn's ghost
 34415 | Depths:1 | Reached skill level 12 in Summonings
 34561 | D:11     | Found a transporter.
 34565 | D:11     | Noticed Josephine
 34590 | D:11     | Killed Josephine
 34654 | D:11     | Noticed Erica
 34657 | D:11     | Found a transporter.
 34667 | D:11     | Killed Erica
 35163 | D:11     | Killed ndbw's ghost
 35289 | D:11     | Learned a level 4 spell: Summon Lightning Spire
 35377 | D:10     | Reached XP level 17. HP: 99/150 MP: 32/32
 35718 | D:10     | Reached skill level 13 in Summonings
 35911 | Elf:1    | Entered Level 1 of the Elven Halls
 36576 | Elf:1    | Reached ***** piety under Ashenzari
 36593 | Elf:1    | Reached skill level 1 in Translocations
 36627 | Elf:1    | Found a radiant altar of Vehumet.
 36799 | Elf:1    | Identified the +1 robe of Pathos {+Blink}
 36801 | Elf:1    | Identified the +3 ring mail of Fortitude {rF++ Int+4}
 37775 | Elf:2    | Found a runed translucent gate.
 37776 | Elf:2    | Found a runed translucent gate.
 37776 | Elf:2    | Found a runed translucent gate.
 37895 | Elf:2    | Paralysed by an air elemental for 1 turns
 38098 | Elf:2    | Paralysed by an air elemental for 1 turns
 38105 | Elf:2    | Paralysed by an air elemental for 1 turns
 38287 | Elf:2    | Reached skill level 10 in Spellcasting
 39574 | Depths:2 | Found a gateway to a ziggurat.
 39679 | Depths:2 | Noticed a titan
 40087 | Depths:2 | Learned a level 7 spell: Spellforged Servitor
 40518 | Depths:2 | Reached XP level 18. HP: 152/160 MP: 23/37
 40525 | Depths:2 | Learned a level 6 spell: Iron Shot
 40953 | Depths:2 | Reached skill level 1 in Conjurations
 40960 | Depths:2 | Slain by a reaper

Illustrated notes

Levels and vault maps discovered:
D:1:      eino_arrival_druids_welcome, layout_basic, minmay_tiny_reverse_x
D:2:      layout_loops_ring, corexii_item_surrounded_by_moat,
          minmay_pentomino_q2, uniq_jessica
D:3:      layout_basic, kennysheep_small_spiral, uniq_terence, uniq_sigmund,
          uniq_robin
D:4:      layout_rooms, minmay_temple_entry_hall, chequers_serial_rivers_marsh,
          minmay_surrounded, uniq_crazy_yiuf_cottage
D:5:      layout_gridville, grunt_temple_overflow_growth_and_decay,
          enter_ossuary_3
D:6:      layout_loops_ring, lemuel_tele_altar, uniq_maggie
D:7:      layout_basic, led_sif_book, ebering_ghost_reflecting_pool,
          kennysheep_generic_room_13, uniq_joseph
D:8:      layout_gridville, dpeg_oklobed_lair, doesnt_shop_hydraphobe
D:9:      layout_cave_pools, okawaru_humans, minmay_overflow_temple_star_quad,
          ebering_ghost_funeral_grove, nicolae_water_bricks, uniq_grum
D:10:     layout_roguey, nicolae_trove_entry_free_sample, serial_shops, shop,
          glass_columns_a, billiards_dpeg
D:11:     layout_irregular_city, orc_0_dummy, gammafunk_ghost_arena, uniq_erica,
          uniq_josephine
D:12:     layout_rooms, hangedman_batty
D:13:     layout_irregular_city, lightli_vaults_fourway_checkpoint
D:14:     layout_cave_pods, tso_metal_star, serial_nicolae_subway,
          nicolae_sub_station_stone, nicolae_sub_station_metal,
          nicolae_sub_station_crystal
D:15:     grunt_enter_depths_snipers, layout_long_grid,
          minmay_misc_feat_more_columns, uniq_jorgrun
Temple:   nicolae_temple_great_sept
Lair:1:   layout_long_grid, special_room [special_room_bee], grunt_megastairs_3
Lair:2:   layout_regular_city, serial_bayou_shore_b, grunt_megastairs_4,
          serial_bayou_shore_b, lemuel_fruit_fields
Lair:3:   wander_river, layout_regular_city, swamp_mist, basic_altar,
          enter_volcano_2, serial_bayou_lagoon_a, beast_lair_carwin_9
Lair:4:   layout_loops_ring, dummy_spider_entry, lemuel_fruit_fields
Lair:5:   regret_index_tunnel_blossom, layout_cave_pods,
          dpeg_slime_entry_enclosed_altar, basic_altar, minivault_23
Lair:6:   hangedman_lair_caniforms_friends, layout_gridlike,
          infiniplex_staircase_pool
Orc:1:    layout_caves, special_room [special_room_kobold], minmay_orc_temple_b
Orc:2:    st_orc_elflike, layout_caves, nooodl_orcs_dogs
Elf:1:    layout_loops_ring, basic_altar, evilmike_minifort
Elf:2:    nicolae_elf_blades_splatter_lattice [nicolae_blade_tridents],
          layout_geoelf_diagonals
Depths:1: kennysheep_six_static_rooms, layout_gridlike, abyss_entry_glasseish,
          hell_entry, nrook_pool_corridor, ebering_ghost_reflecting_pool,
          grunt_pan_entry_sceptre, pdpol_wu_jian_five_deadly_venoms,
          uniq_enchantress
Depths:2: minmay_concentric_multi, layout_honeycomb, enter_ziggurat_c,
          hangedman_abyss_or_decor_lesser_grid, lightli_too_deep, pan_entry

Skill      XL: |  1  2  3  4  5  6  7  8  9 10 11 12 13 14 15 16 17 18 |
---------------+-------------------------------------------------------+-----
Crossbows      | 2 3 4 5 6 8 10 12 | 12.5
Fighting       | 3 5 |  5.6
Short Blades   | 3 4 6 8 11 | 11.0
Armour         | 1 5 6 9 |  9.5
Shields        | 1 3 5 |  5.5
Evocations     | 2 |  2.4
Fire Magic     | 3 |  3.0
Spellcasting   | 3 5 6 7 11 12 | 12.0
Summonings     | 3 5 10 12 13 | 13.9
Earth Magic    | 7 |  7.2
Dodging        | 4 |  4.4
Throwing       | 4 |  4.3
Stealth        | 6 |  6.7
Transmutations | 8 |  8.2
Translocations | 3 |  3.4
Conjurations   | 1 |  1.1
Hexes          | |  3.4

Action                   |  1- 3 |  4- 6 |  7- 9 | 10-12 | 13-15 | 16-18 || total
-------------------------+-------+-------+-------+-------+-------+-------++-------
Melee: Hand crossbow     |     5 |       |       |       |       |       ||     5
       Short sword       |       |     5 |   236 |   119 |       |       ||   360
       Rapier            |       |       |    31 |   239 |  1280 |   955 ||  2505
       Dagger            |       |       |    19 |   641 |       |       ||   660
       Constrict         |       |       |       |       |   225 |   112 ||   337
 Fire: Hand crossbow     |    24 |    91 |   179 |    18 |       |       ||   312
Throw: Dart              |       |       |       |     2 |     3 |       ||     5
 Cast: Inner Flame       |       |       |     4 |     9 |     8 |     6 ||    27
       Poisonous Vapours |       |       |       |     4 |       |     5 ||     9
       Animate Armour    |       |       |       |    36 |    50 |     7 ||    93
       Cause Fear        |       |       |       |       |     3 |       ||     3
       Summon Mana Viper |       |       |       |       |    32 |    16 ||    48
       Statue Form       |       |       |       |       |     8 |    26 ||    34
       Monstrous Menager |       |       |       |       |     3 |    29 ||    32
       Blink             |       |       |       |       |       |     2 ||     2
       Spellforged Servi |       |       |       |       |       |     1 ||     1
Invok: Curse Item        |       |       |     3 |     5 |       |     2 ||    10
       Shatter the Chain |       |       |       |     1 |     1 |       ||     2
 Abil: Spit Poison       |    15 |    25 |    37 |    72 |    18 |     7 ||   174
       End Transformatio |       |       |       |       |       |     7 ||     7
Evoke: Wand              |       |     2 |       |     3 |     2 |     1 ||     8
       Condenser vane    |       |       |       |       |     4 |     2 ||     6
       Tin of tremorston |       |       |       |       |       |     4 ||     4
  Use: Potion            |       |     2 |       |     2 |     3 |     9 ||    16
       Scroll            |       |       |     7 |     4 |     3 |    11 ||    25
 Stab: Sleeping          |       |       |     1 |     7 |    16 |    20 ||    44
       Distracted        |       |       |       |     7 |    13 |    11 ||    31
       Paralysed         |       |       |       |       |     4 |       ||     4
       Confused          |       |       |       |       |     3 |     1 ||     4
Armor: Robe              |     2 |    29 |    81 |    25 |   124 |    91 ||   352
       Steam dragon scal |       |       |    81 |   444 |   301 |       ||   826
       Troll leather arm |       |       |       |       |    58 |       ||    58
       Skin              |       |       |       |       |    48 |   200 ||   248
Dodge: Dodged            |    14 |    33 |   129 |   314 |   408 |   218 ||  1116
Block: Buckler           |       |       |       |   155 |   372 |       ||   527
       Reflection        |       |       |       |       |    13 |    32 ||    45
       Kite shield       |       |       |       |       |    74 |   565 ||   639
       Other             |       |       |       |       |     9 |       ||     9

Table legend: (Time is in decaauts)
 A = Elapsed time spent in this place.
 B = Non-inter-level travel time spent in this place.
 C = Inter-level travel time spent in this place.
 D = Time resting spent in this place.
 E = Time spent auto-exploring this place.
 F = Levels seen in this place.
 G = Mean time per level.
                   A        B        C        D        E       F      G
               +--------+--------+--------+--------+--------+-----+--------+
         Total |  47332 |  44764 |   2568 |   9546 |  25909 |  30 | 1577.7 |
       Dungeon |  23674 |  22096 |   1578 |   3722 |  14663 |  15 | 1578.3 |
        Temple |     86 |     73 |     13 |      0 |     57 |   1 |   86.0 |
          Lair |   9017 |   8759 |    258 |   1950 |   4836 |   6 | 1502.8 |
  Orcish Mines |   3430 |   2945 |    485 |     38 |   2035 |   2 | 1715.0 |
   Elven Halls |   3880 |   3759 |    121 |    875 |   2006 |   2 | 1940.0 |
        Depths |   5798 |   5687 |    111 |   2318 |   2074 |   2 | 2899.0 |
       Ossuary |    616 |    616 |      0 |    179 |    236 |   1 |  616.0 |
       Volcano |    828 |    828 |      0 |    463 |      0 |   1 |  828.0 |
               +--------+--------+--------+--------+--------+-----+--------+

Top non-repeatable levels by time:
Depths:1: 4150 daAuts
  Lair:6: 3307 daAuts
    D:15: 2574 daAuts
     D:8: 2251 daAuts
   Elf:2: 2099 daAuts
     D:9: 2007 daAuts
     D:1: 1834 daAuts
   Orc:2: 1828 daAuts
   Elf:1: 1780 daAuts
    D:11: 1776 daAuts
     D:7: 1732 daAuts
Depths:2: 1647 daAuts
   Orc:1: 1602 daAuts
     D:5: 1505 daAuts
  Lair:2: 1452 daAuts
